 Dungeon Crawl Stone Soup version 0.31.0 (webtiles) character file.

Game seed: 13433890247962810535

47 qw the Shooter (level 3, -1/21 HPs)
             Began as a Gargoyle Hunter on Jan 20, 2024.
             Slain by Natasha (4 damage)
             ... on level 2 of the Dungeon.
             The game lasted 00:00:06 (1200 turns).

qw the Shooter (Gargoyle Hunter)                    Turns: 1200, Time: 00:00:06

Health: -1/21      AC:  8    Str: 14    XL:     3   Next: 70%
Magic:  3/3        EV: 11    Int:  9    God:
Gold:   64         SH:  0    Dex: 15    Spells: 2/2 levels left

rFire   . . .        a - +0 shortbow
rCold   . . .        (shield currently unavailable)
rNeg    + . .        e - +0 ring mail
rPois   inf          (no helmet)
rElec   +            (no cloak)
rCorr   .            (no gloves)
SInv    .            (no boots)
Will    .....        (no amulet)
Stlth   +            (no ring)
HPRegen 0.23/turn    (no ring)
MPRegen 0.08/turn

%: no passive effects
@: no status effects
A: sickness immunity, AC +3, negative energy resistance 1, electricity
resistance, torment resistance 1, petrification resistance
a: no special abilities


You were on level 2 of the Dungeon.
You visited 1 branch of the dungeon, and saw 2 of its levels.

You collected 64 gold pieces.


Innate Abilities, Weirdness & Mutations

You are immune to sickness and miasma.
Your stone body is resilient. (AC +3)
You are immune to poison.
You resist negative energy. (rN+)
You are resistant to electric shocks. (rElec)
You are resistant to unholy torment.
You are immune to petrification.


   Skills:
 + Level 2.3 Fighting
 - Level 5.0 Ranged Weapons
 - Level 1.4 Armour
 - Level 1.5 Dodging
 - Level 1.1 Stealth


You had 2 spell levels left.
You didn't know any spells.
Your spell library was empty.

Inventory:

Hand Weapons
 a - a +0 shortbow (weapon)
Armour
 e - a +0 ring mail (worn)
Jewellery
 b - a ring of fire
Wands
 j - a wand of flame (25)
Scrolls
 c - a scroll of teleportation {unknown}
 d - 3 scrolls of identify
 g - a scroll of enchant armour {unknown}
 i - a scroll of vulnerability {unknown}
Potions
 f - a potion of cancellation
 h - a potion of heal wounds {unknown}

Dungeon Overview and Level Annotations

Branches:
Dungeon (2/15)

Altars:

Shops:
D:1 [

Annotations:
D:2 Natasha


Message History

Enter note:
Enter note:
Enter note:
Enter note:
Enter note:
1196 ||| RETREEEEATING.
Natasha casts a spell.
The cerulean imp attacks as it pursues you!
The cerulean imp hits you but does no damage.
Enter note:
Enter note:
Enter note:
Enter note:
Enter note:
Enter note:
1197 ||| RETREEEEATING.
The cerulean imp hits you from afar with a +3 spear.
The cerulean imp attacks as it pursues you!
The cerulean imp hits you but does no damage.
Enter note:
Enter note:
Enter note:
Enter note:
Enter note:
Enter note:
1198 ||| RETREEEEATING.
The cerulean imp attacks as it pursues you!
The cerulean imp hits you but does no damage.
Enter note:
Enter note:
Enter note:
1199 ||| RETREEEEATING.
Natasha attacks as she pursues you! Natasha barely misses you.
Enter note:
Enter note:
Enter note:
1200 ||| RETREEEEATING.
Natasha claws you.
You die...
Natasha curls up and begins to purr.

#....#.. #....#.#
#....#.# .####.#..#.#
........5#.#
#####.#..5.### ..
##.#5..+ ... ...#h###
### #.####@# # #.# #.#
.# #.# # #.#######.#
#.# .
#.#.......####.######
###.#.......##........#
....#........#........#
....#......#..........#
....#......###........#


You could see Natasha and 2 cerulean imps.

Vanquished Creatures
  2 adders (D:2)
  A ribbon worm (D:2)
  3 bats
  3 endoplasms
  A giant cockroach (D:1)
  4 goblins
  3 hobgoblins
  A quokka (D:2)
  A frilled lizard (D:2)
  3 kobolds
  2 rats (D:1)
24 creatures vanquished.

Notes
Turn   | Place    | Note
-------+----------+-------------------------------------------
     0 | D:1      | qw the Gargoyle Hunter began the quest for the Orb.
     0 | D:1      | Reached XP level 1. HP: 12/12 MP: 1/1
     0 | D:1      | 0 ||| qw: Version: 0.3-a-132-g3d54051
     0 | D:1      | 0 ||| qw: Game counter: 424
     0 | D:1      | 0 ||| qw: Melee chars always use a shield: true
     0 | D:1      | 0 ||| qw: God list: Okawaru
     0 | D:1      | 0 ||| qw: Allow faded altars: false
     0 | D:1      | 0 ||| qw: Do Orc after clearing Dungeon:15 true
     0 | D:1      | 0 ||| qw: Do second Lair branch before Depths: true
     0 | D:1      | 0 ||| qw: Lair rune preference: random
     0 | D:1      | 0 ||| qw: Goals: Normal
     0 | D:1      | 0 ||| PLANNING D:1-11
    47 | D:1      | Found a faded altar of an unknown god.
   288 | D:1      | Reached XP level 2. HP: 17/17 MP: 2/2
   346 | D:1      | Found Fooxyrio's Armour Boutique.
   351 | D:1      | 351 ||| SHOPLISTING +2 pair of gloves of hurling (215 gold,
                  | have 26).
   656 | D:1      | 656 ||| UPGRADING to +0 ring mail.
   666 | D:1      | 666 ||| DROPPING +0 leather armour.
   667 | D:1      | 667 ||| READING 3 scrolls labelled MOIR PUSIQAUT.
   667 | D:1      | 667 ||| IDENTIFYING smoky dark potion
   668 | D:1      | 668 ||| DROPPING scroll of butterflies.
   724 | D:2      | Reached skill level 1 in Armour
   724 | D:2      | Reached XP level 3. HP: 19/21 MP: 3/3
   767 | D:2      | 767 ||| FLEEEEING.
   964 | D:2      | Reached skill level 5 in Ranged Weapons
  1190 | D:2      | Noticed Natasha
  1196 | D:2      | 1196 ||| RETREEEEATING.
  1197 | D:2      | 1197 ||| RETREEEEATING.
  1197 | D:2      | HP: 2/21 [cerulean imp/+3 spear[Natasha] (6)]
  1198 | D:2      | 1198 ||| RETREEEEATING.
  1199 | D:2      | 1199 ||| RETREEEEATING.
  1200 | D:2      | 1200 ||| RETREEEEATING.
  1200 | D:2      | Slain by Natasha

Levels and vault maps discovered:
D:1:      lemuel_arrival_cross, layout_loops_cross, serial_shops,
          nicolae_shop_crystal, shapermc_ecumenical_altar_gd,
          palyth_stone_intersect
D:2:      layout_basic, grunt_ministairs_5, hex_large, uniq_natasha

Skill      XL: |  1  2  3 |
---------------+----------+-----
Armour         | 1 |  1.4
Ranged Weapons | 5 |  5.0
Fighting       | |  2.3
Dodging        | |  1.5
Stealth        | |  1.1

Action                     || total
---------------------------++-------
   Fire: Shortbow          ||    86
    Use: Scroll            ||     1
 Armour: Leather armour    ||     3
         Ring mail         ||    26
  Dodge: Dodged            ||    20

Table legend:
 A = Non-vault XP
 B = Vault XP
 C = Vault XP percentage of total XP
 D = Non-vault monster count
 E = Vault monster count
 F = Vault count percentage of total count
                 A         B        C        D         E       F
            +---------+---------+-------+---------+---------+-------
      Total |      64 |       4 |   5.9 |      22 |       2 |   8.3
            +---------+---------+-------+---------+---------+-------
        D:1 |      22 |       0 |   0.0 |      13 |       0 |   0.0
        D:2 |      42 |       4 |   8.7 |       9 |       2 |  18.2
            +---------+---------+-------+---------+---------+-------
